 Dungeon Sprint DCSS version 0.21.1-1-g345015f (webtiles) character file.

56 doot the Cudgeler (level 6, 0/68 HPs)
             Began as a Troll Berserker on June 12, 2018.
             Was an Elder of Trog.
             Slain by an earth elemental (13 damage)
             ... summoned by a deep elf mage
             ... in the Dungeon (Sprint VI: "Thunderdome").
             The game lasted 00:04:06 (377 turns).

doot the Cudgeler (Troll Berserker)                  Turns: 377, Time: 00:04:06

Health: 0/68       AC:  7    Str: 36    XL:     6   Next: 13%
Magic:  5/5        EV: 10    Int: 10    God:    Trog [****..]
Gold:   145        SH:  0    Dex:  4    Spells: 5/5 levels left

rFire    + . .     SeeInvis .   r - +2 dire flail (holy)
rCold    . . .     Gourm    +   (shield currently unavailable)
rNeg     . . .     Faith    .   t - +2 robe {rF+}
rPois    .         Spirit   .   (helmet restricted)
rElec    +         Reflect  .   (no cloak)
rCorr    .         Harm     .   (gloves unavailable)
MR       +....     NoTele   +   (boots unavailable)
Stlth    +++.......             n - amulet "Qahiuc" {Gourm +Inv MR+ Str+3 Stlth+}
HPRegen  0.61/turn              p - ring of Luduware {rElec Int+4 Dex-5 Slay+6 Stlth+}
MPRegen  0.09/turn              o - ring "Muce" {Str+5 Int+3}

@: no status effects
A: large, unfitting armour, claws 3, fast metabolism 3, gourmand, regeneration
1, shaggy fur 1, tough skin 2
a: Berserk, Trog's Hand, Brothers in Arms, Burn Spellbooks, Renounce Religion,
Evoke Invisibility


You were in the Dungeon.
You worshipped Trog.
Trog was greatly pleased with you.
You were very hungry.

You visited 1 branch You collected 280 gold pieces.
You spent 135 gold pieces at shops.

Inventory:

Hand Weapons
 a - a +0 mace
 r - a +2 dire flail of holy wrath (weapon)
Armour
 b - a +0 animal skin
 t - a +2 robe of fire resistance (worn)
Jewellery
 n - the amulet "Qahiuc" (around neck) {Gourm +Inv MR+ Str+3 Stlth+}
   (You bought it in a shop in the Dungeon)

   [amulet of the gourmand]

   It allows you to eat raw meat even when not hungry.
   It affects your strength (+3).
   It affects your resistance to hostile enchantments.
   It lets you turn invisible.
   It makes you more stealthy.
 o - the ring "Muce" (right claw) {Str+5 Int+3}
   (You bought it in a shop in the Dungeon)

   [ring of strength]

   It affects your strength (+5).
   It affects your intelligence (+3).
 p - the ring of Luduware (left claw) {rElec Int+4 Dex-5 Slay+6 Stlth+}
   (You bought it in a shop in the Dungeon)

   [ring of intelligence]

   It affects your intelligence (+4).
   It affects your dexterity (-5).
   It affects your accuracy and damage with ranged weapons and melee attacks
   (+6).
   It insulates you from electricity.
   It makes you more stealthy.
Wands
 j - a wand of acid (5)
 k - a wand of iceblast (5)
Scrolls
 i - 4 scrolls of blinking
 l - 3 scrolls of fog
Potions
 d - a potion of curing
 e - 4 potions of heal wounds
 f - 4 potions of haste
 g - 2 potions of magic
 h - a potion of berserk rage
 m - a potion of resistance
 q - 2 potions of flight {unknown}
Comestibles
 c - 2 rations
 s - 2 chunks of flesh


   Skills:
 + Level 6.5 Fighting
 + Level 6.8 Maces & Flails
 + Level 6.3 Dodging
 + Level 0.1 Stealth
 - Level 3.7 Unarmed Combat


You had 5 spell levels left.
You didn't know any spells.

Dungeon Overview and Level Annotations

Branches:
Dungeon (1/1)

Altars:
Cheibriados
Dithmenos
Fedhas
Gozag
Kikubaaqudgha
Makhleb
Okawaru
Qazlal
Ru
Sif Muna
Trog
Uskayaw
Vehumet
Wu Jian
Xom
Yredelemnul
Zin
The Shining One
Beogh
Jiyva
Lugonu

Shops:
D *[%??*?*:[((!!!!


Innate Abilities, Weirdness & Mutations

You are too large for most types of armour.
You have claws for hands.
Your metabolism is lightning-fast.
You like to eat raw meat.
Your natural rate of healing is unusually fast.
You are covered in fur. (AC +1)
You have very tough skin. (AC +2)


Message History

The earth elemental is covered in liquid flames!
Unknown command.
You fail to use your ability.
The chaos spawn hits you but does no damage.
The deep elf mage gestures wildly while chanting.
The deep elf mage blinks!
The deep elf mage barely misses you.
The deep elf mage hits you with a rapier.
The earth elemental closely misses you. The earth elemental hits you!
Unknown command.
Your ogre goes berserk!
You feel quite a bit more hungry.
You are feeling very hungry.
The chaos spawn barely misses you.
The deep elf mage hits you with a rapier.
The deep elf mage closely misses you.
The deep elf mage casts a spell.
The earth elemental hits you!
* * * LOW HITPOINT WARNING * * *
The earth elemental hits you!
You die...

∩........8.# #.8........∩###
...........###.............##
........###...###..........⌠#
......).# #.<.# #..........⌠#
........###÷..###..[.......⌠#
...........###......4......##
∩........8.# #.8.ss.....∩###
#∩__.......###.O4ee._e_∩##
######.8........@8.######
#⌠........EEe⌠#
###.........### #_......._#
#_........# #_........#
#∩.......∩# ##∩.....∩##
##.....##


You could see a demonic crawler, 2 earth elementals, a rust devil, 4 deep elf
magi, a chaos spawn, a redback and a friendly ogre (berserk).

Vanquished Creatures
  Sigmund (D)
  Blork the orc (D)
  An orc wizard (D)
  Terence (D)
  A worm (D)
  4 orcs (D)
  A goblin (D)
  A kobold (D)
  A quokka (D)
12 creatures vanquished.

Notes
Turn   | Place    | Note
-------+----------+-------------------------------------------
     0 | D        | doot the Troll Berserker began the quest for the Orb.
     0 | D        | Reached XP level 1. HP: 22/22 MP: 0/0
     1 | D        | Found a roughly hewn altar of Beogh.
     1 | D        | Found a basalt altar of Yredelemnul.
     2 | D        | Found an opulent altar of Gozag.
     2 | D        | Found a stormy altar of Qazlal.
     3 | D        | Found a viscous altar of Jiyva.
     3 | D        | Found a blossoming altar of Fedhas.
     4 | D        | Found Boilufie's Delicious Food.
     4 | D        | Found a radiant altar of Vehumet.
     4 | D        | Found Vavvurch's Identification Station.
     5 | D        | Found Utticw's Jewellery.
     5 | D        | Found Wouddeq's Advanced Armour.
     5 | D        | Round 1.
    13 | D        | Bought a sparkling crystal amulet for 45 gold pieces
    13 | D        | Bought a flickering lapis lazuli ring for 45 gold pieces
    13 | D        | Bought a glittering jade ring for 45 gold pieces
    13 | D        | Identified the amulet "Qahiuc" {Gourm +Inv MR+ Str+3 Stlth+} (You bought it in a shop in the Dungeon)
    14 | D        | Identified the ring of Luduware {rElec Int+4 Dex-5 Slay+6 Stlth+} (You bought it in a shop in the Dungeon)
    15 | D        | Identified the ring "Muce" {Str+5 Int+3} (You bought it in a shop in the Dungeon)
    19 | D        | Found a corrupted altar of Lugonu.
    20 | D        | Found a bloodstained altar of Trog.
    22 | D        | Found an ornate altar of the Wu Jian Council.
    23 | D        | Found Uschorua's Premium Goods.
    24 | D        | Found Meerrai's Miscellaneous Merchandise.
    24 | D        | Found Qazil's Basic Armour.
    25 | D        | Found a glowing golden altar of the Shining One.
    25 | D        | Found Biolucikk's Weapon Rack.
    31 | D        | Found an iron altar of Okawaru.
    32 | D        | Found a shadowy altar of Dithmenos.
    33 | D        | Found a hide-covered altar of Uskayaw.
    34 | D        | Found Ryenaorog's Do-It-Yourself Clinic.
    36 | D        | Found Yput's Bottled Wisdom.
    36 | D        | Found Vopaesch's Distillery.
    36 | D        | Found a shimmering altar of Xom.
    36 | D        | Found a sacrificial altar of Ru.
    36 | D        | Found a deep blue altar of Sif Muna.
    36 | D        | Found Vimibut's Distillery.
    41 | D        | Found a glowing silver altar of Zin.
    42 | D        | Found an ancient bone altar of Kikubaaqudgha.
    43 | D        | Found a burning altar of Makhleb.
    44 | D        | Found a snail-covered altar of Cheibriados.
    44 | D        | Found Veagipto's Staff Store.
    44 | D        | Found Wisoer's Magic Scroll Shop.
    45 | D        | Found Wusurch's Must-Have Magic.
    45 | D        | Found Gamanir's Magic Scroll Shop.
    70 | D        | Noticed Sigmund
    87 | D        | Killed Sigmund
    87 | D        | Reached ** piety under Trog
    87 | D        | Reached skill level 5 in Fighting
    87 | D        | Reached skill level 5 in Maces & Flails
    87 | D        | Reached skill level 5 in Dodging
    87 | D        | Reached XP level 2. HP: 9/35 MP: 1/1
    87 | D        | Reached XP level 3. HP: 11/42 MP: 2/2
    87 | D        | Reached XP level 4. HP: 14/50 MP: 3/3
    87 | D        | Reached XP level 5. HP: 16/58 MP: 4/4
   132 | D        | Noticed Terence
   140 | D        | Killed Terence
   140 | D        | Reached *** piety under Trog
   140 | D        | Arena points: 14 (+14) [x2]
   200 | D        | Round 2.
   287 | D        | Reached **** piety under Trog
   295 | D        | Noticed Blork the orc
   333 | D        | Killed Blork the orc
   333 | D        | Arena points: 56 (+42) [x3]
   333 | D        | Reached XP level 6. HP: 68/68 MP: 5/5
   361 | D        | Round 3.
   365 | D        | Noticed a deep elf mage
   367 | D        | Noticed a deep elf mage
   368 | D        | Noticed a deep elf mage
   368 | D        | Noticed a deep elf mage
   368 | D        | Noticed a deep elf mage
   371 | D        | Noticed a chaos spawn
   375 | D        | Noticed a redback
   375 | D        | Noticed a demonic crawler
   377 | D        | Slain by an earth elemental

Skill      XL: |  1  2  3  4  5 |
---------------+----------------+-----
Maces & Flails | 5 6 |  6.8
Fighting       | 5 6 |  6.5
Dodging        | 5 6 |  6.3
Unarmed Combat | 2 3 |  3.7
Stealth        | |  0.1

Action                   |  1- 3 |  4- 6 || total
-------------------------+-------+-------++-------
Melee: Unarmed           |    10 |    24 ||    34
       Punch             |       |     1 ||     1
       Dire flail        |       |     2 ||     2
Invok: Berserk           |     1 |     1 ||     2
       Brothers in Arms  |       |     1 ||     1
  Eat: Chunk             |       |     2 ||     2
Armor: Animal skin       |     1 |     5 ||     6
       Robe              |       |     1 ||     1
Dodge: Dodged            |     1 |    16 ||    17
